 Dungeon Crawl Stone Soup version 0.28-a0-915-gcd63401287 (webtiles) character file.

Game seed: 4973623553232927607

28 Turgor the Sneak (level 3, -1/19 HPs)
             Began as a Kobold Enchanter on Nov 25, 2021.
             Frozen to death by an endoplasm (5 damage)
             ... on level 2 of the Dungeon.
             The game lasted 00:06:12 (1148 turns).

Turgor the Sneak (Kobold Enchanter)                 Turns: 1148, Time: 00:06:13

Health: -1/19      AC:  2    Str:  5    XL:     3   Next: 27%
Magic:  6/6        EV: 15    Int: 16    God:
Gold:   30         SH:  0    Dex: 16    Spells: 2/7 levels left

rFire   . . .      SeeInvis .   a - +1 dagger
rCold   . . .      Faith    .   (shield restricted)
rNeg    . . .      Spirit   .   b - +0 robe
rPois   .          Reflect  .   (no helmet)
rElec   .          Harm     .   (no cloak)
rCorr   .          Rampage  .   (no gloves)
Will    .....                   (no boots)
Stlth   ++++......              (no amulet)
HPRegen 0.06/turn               (no ring)
MPRegen 0.10/turn               (no ring)

@: no status effects
A: small, no large weapons, nightstalker 3
a: no special abilities


You were on level 2 of the Dungeon.
You visited 1 branch of the dungeon, and saw 2 of its levels.

You collected 30 gold pieces.

Inventory:

Hand Weapons
 a - a +1 dagger (weapon)
Missiles
 d - 30 stones (quivered)
Armour
 b - a +0 robe (worn)
Jewellery
 e - a ring of fire
Scrolls
 i - a scroll of fog {unknown}
Potions
 c - a potion of invisibility
 f - a potion of curing {unknown}
 g - a potion of cancellation {unknown}
 h - a potion of might {unknown}
 j - a potion of degeneration {unknown}


   Skills:
 + Level 2.1 Short Blades
 - Level 2.4 Dodging
 + Level 4.4 Stealth
 + Level 2.5 Spellcasting
 * Level 3.5 Hexes


You had 2 spell levels left.
You knew the following spells:

 Your Spells              Type           Power      Damage    Failure   Level
a - Ensorcelled Hibernat  Hex/Ice        14%        N/A       14%         2
b - Confusing Touch       Hex            13%        N/A       14%         3

Your spell library contained the following spells:

 Spells                   Type           Power      Damage    Failure   Level
 Animate Skeleton         Necr           4%         N/A       21%         1
 Foxfire                  Conj/Fire      8%         2x1d4     21%         1
 Pain                     Necr           8%         1d4       21%         1
 Shock                    Conj/Air       8%         1d3       21%         1
 Tukima's Dance           Hex            13%        N/A       14%         3
 Dazzling Flash           Conj/Hex       14%        N/A       28%         3
 Inner Flame              Hex/Fire       7%         N/A       28%         3
 Conjure Flame            Conj/Fire      2%         6-21      52%         3
 Swiftness                Air            2%         N/A       52%         3
 Vampiric Draining        Necr           2%         2d6       52%         3
 Airstrike                Air            1%         N/A       89%         4
 Flame Wave               Conj/Fire      2%         3d3       89%         4


Dungeon Overview and Level Annotations

Branches:
Dungeon (2/15)

Altars:


Innate Abilities, Weirdness & Mutations

You are small and have problems with some larger weapons.
You are completely attuned to the shadows.


Message History

The endoplasm quivers.
You hit the endoplasm.
The endoplasm is lightly wounded.
The endoplasm hits you.
You barely miss the endoplasm.
The endoplasm is lightly wounded.
The endoplasm freezes you.
You are frozen.
You barely miss the endoplasm.
The endoplasm is lightly wounded.
The endoplasm freezes you.
You are frozen.
You hit the endoplasm.
The endoplasm is severely wounded.
The endoplasm freezes you.
You are frozen.
You are too injured to fight recklessly!
You are too injured to fight recklessly!
You are too injured to fight recklessly!
You aren't carrying any items that you can evoke.
Unknown command.
There is an open door here.
You hit the endoplasm.
The endoplasm is almost dead.
The endoplasm barely misses you.
You hit the endoplasm but do no damage.
The endoplasm is almost dead.
The endoplasm freezes you.
You are frozen.
* * * LOW HITPOINT WARNING * * *
You barely miss the endoplasm.
The endoplasm is almost dead.
The endoplasm freezes you.
You are frozen.
* * * LOW HITPOINT WARNING * * *
You hit the endoplasm.
The endoplasm is almost dead.
The endoplasm freezes you.
You are frozen.
You die...

###########
#.........#
####.........#
#............#
#............# ######
#............# #....#
#............###....#
##''........@J......+
#.#.........###....#
#.########### #....#
#.# #....# #.# #....#
#.# #.# #.# #.#


You could see an endoplasm.

Vanquished Creatures
  A dart slug (D:1)
  3 ball pythons (D:1)
  2 endoplasms (D:1)
  2 giant cockroaches
  2 hobgoblins (D:1)
  3 jackals (D:1)
  A quokka (D:1)
  3 frilled lizards (D:1)
  A goblin (D:1)
  4 kobolds (D:1)
  3 rats (D:1)
25 creatures vanquished.

Notes
Turn   | Place    | Note
-------+----------+-------------------------------------------
     0 | D:1      | Turgor the Kobold Enchanter began the quest for the Orb.
     0 | D:1      | Reached XP level 1. HP: 10/10 MP: 3/3
    47 | D:1      | Reached XP level 2. HP: 14/15 MP: 5/5
   452 | D:1      | Learned a level 2 spell: Ensorcelled Hibernation
   670 | D:1      | Reached XP level 3. HP: 19/19 MP: 6/6
   818 | D:1      | Learned a level 3 spell: Confusing Touch
  1148 | D:2      | Frozen to death by an endoplasm

Illustrated notes

Levels and vault maps discovered:
D:1:      dpeg_arrival_leaves_temple_mockup, layout_loops_ring
D:2:      wander_river, layout_basic, amcnicky_mini_pool_small,
          cheibrodos_gnoll_hut, uniq_robin

Skill      XL: |  1  2 |
---------------+-------+-----
Short Blades   | 2 |  2.1
Dodging        | |  2.4
Stealth        | |  4.4
Spellcasting   | |  2.5
Hexes          | |  3.5

Action                   || total
-------------------------++-------
Melee: Dagger            ||    79
 Stab: Sleeping          ||    17
Armor: Robe              ||     6
Dodge: Dodged            ||    46

Table legend: (Time is in decaauts)
 A = Elapsed time spent in this place.
 B = Non-inter-level travel time spent in this place.
 C = Inter-level travel time spent in this place.
 D = Time resting spent in this place.
 E = Time spent auto-exploring this place.
 F = Levels seen in this place.
 G = Mean time per level.
                   A        B        C        D        E       F      G
               +--------+--------+--------+--------+--------+-----+--------+
         Total |   1140 |   1109 |     31 |    226 |    657 |   2 |  570.0 |
       Dungeon |   1140 |   1109 |     31 |    226 |    657 |   2 |  570.0 |
               +--------+--------+--------+--------+--------+-----+--------+

Top non-repeatable levels by time:
     D:1: 1055 daAuts
     D:2: 85 daAuts
